 Dungeon Crawl Stone Soup version 0.31-a0-214-gb37851dbb3 (webtiles) character file.

Game seed: 12308228747524074277

117 Ofeo the Chopper (level 4, -8/40 HPs)
             Began as an Armataur Reaver on July 1, 2023.
             Killed by nerve-wracking pain
             ... invoked by Grinder
              (12 damage)
             ... on level 3 of the Dungeon.
             The game lasted 00:02:45 (2384 turns).

Ofeo the Chopper (Armataur Reaver)                  Turns: 2384, Time: 00:02:46

Health: -8/40      AC:  9    Str: 20    XL:     4   Next: 71%
Magic:  6/6        EV:  6    Int: 13    God:
Gold:   146        SH:  0    Dex:  8    Spells: 5/6 levels left

rFire   . . .        a - +0 hand axe
rCold   . . .        (no shield)
rNeg    . . .        j - +0 chain mail
rPois   .            l - +0 helmet
rElec   .            k - +0 cloak
rCorr   .            (no gloves)
SInv    .            (no barding)
Will    .....        (no amulet) Stlth
                     (no ring)
HPRegen 0.26/turn    (no ring)
MPRegen 0.10/turn

%: roll
@: attractive, invisible
A: large, rugged brown scales 3, deformed body, armoured tail, roll, long
tongue, awkward tongue
a: no special abilities


You were on level 3 of the Dungeon.
You visited 1 branch of the dungeon, and saw 3 of its levels.

You collected 146 gold pieces.

Inventory:

Hand Weapons
 a - a +0 hand axe (weapon)
Armour
 b - a +0 leather armour
 j - a +0 chain mail (worn)
 k - a +0 cloak (worn)
 l - a +0 helmet (worn)
Scrolls
 c - a scroll of butterflies {unknown}
 d - a scroll of blinking {@r4}
 g - a scroll of poison
 i - a scroll of identify {@r1}


   Skills:
 + Level 3.0 Fighting
 + Level 3.2 Axes
 + Level 2.3 Dodging
 - Level 1.7 Spellcasting
 - Level 2.6 Conjurations


You had 5 spell levels left.
You knew the following spells:

 Your Spells              Type           Power      Damage    Failure   Level
a - Kiss of Death         Conj/Necr      16%        2d6       80%         1

Your spell library contained the following spells:

 Spells                   Type           Power      Damage    Failure   Level
 Momentum Strike          Conj/Tloc      8%         3d8       90%         2
 Hailstorm                Conj/Ice       4%         3d4       99%         3


Dungeon Overview and Level Annotations

Branches:
Dungeon (3/15)

Altars:
Gozag

Annotations:
D:3 Grinder


Innate Abilities, Weirdness & Mutations

You are completely covered in rugged brown scales. (AC +3, +7% HP)
Armour fits poorly on your strangely shaped body.
You have a long armoured tail.
You roll when moving toward enemies. (Rampage)
Your long tongue fully drains potion bottles. (2x potion effects)
Your tongue gives you trouble enunciating. (1.5x scroll delay)


Message History

You hit Grinder but do no damage.
Grinder is heavily wounded.
Grinder says, "You look like you could use a good racking."
Grinder hits you.
* * * LOW HITPOINT WARNING * * *
You take 3 damage, and have 10/40 hp.
You catch the helpless Grinder completely off-guard!
You hit Grinder but do no damage.
Grinder is heavily wounded.
Grinder hits you but does no damage. Grinder closely misses you.
You hit Grinder.
Grinder is severely wounded.
Grinder hits you but does no damage.
You hit Grinder but do no damage.
Grinder is severely wounded.
Grinder grins, showing sharp teeth.
Grinder hits you but does no damage.
You catch the helpless Grinder completely off-guard!
You hit Grinder.
Your tail-slap misses Grinder.
Grinder is severely wounded.
Grinder hits you!
* * * LOW HITPOINT WARNING * * *
You writhe in agony.
* * * LOW HITPOINT WARNING * * *
You take 8 damage, and have 3/40 hp.
You closely miss Grinder.
Grinder is severely wounded.
Grinder blinks!
Grinder is attracted toward you.
You aren't carrying any potions.
You hit Grinder.
Grinder is severely wounded.
Grinder closely misses you.
You barely miss Grinder.
Grinder is severely wounded.
Grinder barely misses you.
You barely miss Grinder.
Your tail-slap misses Grinder.
Grinder is severely wounded.
Grinder gestures at you. Pain shoots through your body!
You die...

######### ######.<......
##...†<........
##....@.).......
##....5..........
#####................
######....................
.......####...............
)..##### #..........♣♣PP.
†#..# ##.......#...♣..
>...# ..........#...
#..... .#.........###.


You could see Grinder (unable to see you).

Vanquished Creatures
  Robin (D:2)
  3 adders
  4 dart slugs
  4 bats
  4 endoplasms (D:1)
  12 giant cockroaches
  16 goblins
  6 hobgoblins
  A quokka (D:2)
  A ball python (D:1)
  4 frilled lizards
  3 kobolds
  5 rats
64 creatures vanquished.

Notes
Turn   | Place    | Note
-------+----------+-------------------------------------------
     0 | D:1      | Ofeo the Armataur Reaver began the quest for the Orb.
     0 | D:1      | Reached XP level 1. HP: 18/18 MP: 3/3
   426 | D:1      | Reached XP level 2. HP: 22/25 MP: 4/4
  1128 | D:2      | Found an opulent altar of Gozag.
  1221 | D:2      | Reached XP level 3. HP: 32/32 MP: 5/5
  1445 | D:2      | Found a faded altar of an unknown god.
  1849 | D:2      | Reached XP level 4. HP: 21/39 MP: 6/6
  1871 | D:2      | Noticed Robin
  1994 | D:2      | Killed Robin
  2339 | D:3      | Noticed Grinder
  2384 | D:3      | Killed from afar by Grinder

Illustrated notes

Levels and vault maps discovered:
D:1:      ebering_trefoil_twist, layout_basic
D:2:      minmay_roachtagon, layout_loops_ring, basic_altar,
          chequers_ecumenical_altar_simple_redux, minmay_diced_spiral,
          uniq_robin
D:3:      layout_rooms, vehumet_crystals, serial_park_tiny_2, uniq_grinder

Skill      XL: |  1  2  3  4 |
---------------+-------------+-----
Fighting       | 2 3 |  3.0
Dodging        | 2 |  2.3
Axes           | 3 |  3.2
Spellcasting   | |  1.7
Conjurations   | |  2.6

Action                     |  1- 3 |  4- 6 || total
---------------------------+-------+-------++-------
  Melee: Hand axe          |   128 |    75 ||   203
         Tailslap          |    10 |     8 ||    18
         Punch             |     1 |       ||     1
    Use: Scroll            |     3 |       ||     3
         Potion            |     1 |     3 ||     4
   Stab: Invisible         |       |     2 ||     2
 Armour: Leather armour    |    74 |     9 ||    83
         Chain mail        |       |    49 ||    49
  Dodge: Dodged            |    81 |    36 ||   117

Table legend: (Time is in decaauts)
 A = Elapsed time spent in this place.
 B = Non-inter-level travel time spent in this place.
 C = Inter-level travel time spent in this place.
 D = Time resting spent in this place.
 E = Time spent auto-exploring this place.
 F = Levels seen in this place.
 G = Mean time per level.
                   A        B        C        D        E       F      G
               +--------+--------+--------+--------+--------+-----+--------+
         Total |   2416 |   2240 |    176 |     22 |   1760 |   3 |  805.3 |
       Dungeon |   2416 |   2240 |    176 |     22 |   1760 |   3 |  805.3 |
               +--------+--------+--------+--------+--------+-----+--------+

Top non-repeatable levels by time:
     D:1: 1150 daAuts
     D:2: 1125 daAuts
     D:3: 140 daAuts
